 Dungeon Crawl Stone Soup version 0.30-a0-748-ge6a52f7cba (webtiles) character file.

Game seed: 15018142604690630821

299 Pooter the Shooter (level 6, -1/59 HPs)
             Began as a Troll Hunter on Feb 9, 2023.
             Slain by a gnoll
             ... wielding a +0 club
              (5 damage)
             ... on level 5 of the Dungeon.
             The game lasted 00:13:09 (2963 turns).

Pooter the Shooter (Troll Hunter)                   Turns: 2963, Time: 00:13:10

Health: -1/59      AC:  4    Str: 22    XL:     6   Next: 13%
Magic:  5/5        EV: 10    Int:  5    God:
Gold:   217        SH:  0    Dex: 13    Spells: 5/5 levels left

rFire   . . .      SeeInvis .      - Unarmed
rCold   . . .      Faith    .    (no shield)
rNeg    . . .      Spirit   .    c - +0 robe
rPois   .          Reflect  .    (helmet restricted)
rElec   .          Harm     .    (no cloak)
rCorr   .          Rampage  .    (gloves unavailable)
Will    .....                    (boots unavailable)
Stlth   +                        (no amulet)
HPRegen 1.09/turn                (no ring)
MPRegen 0.09/turn                (no ring)

@: no status effects
A: large, unfitting armour, claws 3, regeneration 1, shaggy fur 1, tough skin 1
a: no special abilities


You were on level 5 of the Dungeon.
You visited 1 branch of the dungeon, and saw 5 of its levels.

You collected 217 gold pieces.

Inventory:

Hand Weapons
 b - a +0 shortbow
 C - a +0 halberd
   (You found it on level 4 of the Dungeon)
Missiles
 h - 2 throwing nets {!f}
 k - 5 datura-tipped darts
 m - 9 atropa-tipped darts
 y - 9 poisoned darts
 Q - 28 stones (quivered)
Armour
 c - a +0 robe (worn)
Scrolls
 d - 3 scrolls of enchant weapon {unknown}
 e - 3 scrolls of teleportation {unknown}
 g - a scroll of summoning
 n - 2 scrolls of immolation {!r}
 s - a scroll of brand weapon
 t - a scroll of torment {unknown}
 v - a scroll of fear {unknown}
 w - a scroll of enchant armour {unknown}
 x - a scroll of poison {unknown}
 z - a scroll of noise {unknown}
 A - a scroll of amnesia {unknown}
 B - a scroll of blinking {unknown}
Potions
 a - 2 potions of brilliance {unknown}
 f - 3 potions of curing {@q1}
 j - 3 potions of flight {unknown}
 l - 3 potions of might {unknown}
 p - a potion of resistance {unknown}
 q - 3 potions of haste {unknown}
 r - a potion of berserk rage {unknown}
 u - 3 potions of heal wounds {@q2}
 D - a potion of lignification {unknown}


   Skills:
 + Level 2.7 Fighting
 * Level 3.8 Ranged Weapons
 - Level 1.5 Dodging
 - Level 0.3 Stealth
 * Level 3.6 Unarmed Combat


You had 5 spell levels left.
You didn't know any spells.
Your spell library contained the following spells:

 Spells                   Type           Power      Damage    Failure   Level
 Cigotuvi's Dreadful Rot  Necr/Pois/Air  0%         N/A       63%         2
 Dispel Undead            Necr           0%         3d6       99%         4
 Death Channel            Necr           0%         N/A       100%        6


Dungeon Overview and Level Annotations

Branches:
Dungeon (5/15)
 Temple: D:4-7

Altars:
Xom

Shops:
D:1 (


Innate Abilities, Weirdness & Mutations

You are too large for most types of armour.
You have claws for hands.
Your natural rate of healing is unusually fast.
You are covered in fur. (AC +1)
You have tough skin. (AC +1)


Message History

You shoot an arrow. The arrow barely misses the gnoll.
You shoot an arrow. The arrow hits the gnoll!
You hear a shout!
You are now empty-clawed.
The gnoll closely misses you. The gnoll barely misses you.
You barely miss the gnoll. The gnoll barely misses you.
The gnoll hits you with a +0 flail. The gnoll closely misses you.
You scratch the gnoll but do no damage. You barely miss the gnoll.
The gnoll closely misses you. The gnoll barely misses you.
The gnoll hits you with a +0 flail!
You barely miss the gnoll. The gnoll closely misses you.
A gnoll comes into view. It is wielding a +0 whip.
The gnoll hits you with a +0 club. The gnoll hits you with a +0 flail.
You claw the gnoll! You claw the gnoll.
You kill the gnoll!
The gnoll hits you from afar with a +0 spear.
The gnoll closely misses you. The gnoll hits you with a +0 spear.
The gnoll barely misses you. The gnoll closely misses you.
You see here a +0 flail.
You closely miss the gnoll. The gnoll hits you with a +0 spear.
The gnoll hits you with a +0 whip!
* * * LOW HITPOINT WARNING * * *
The gnoll barely misses you.
You barely miss the gnoll. The gnoll hits you with a +0 spear.
* * * LOW HITPOINT WARNING * * *
The gnoll barely misses you. The gnoll hits you with a +0 club.
* * * LOW HITPOINT WARNING * * *
You barely miss the gnoll. The gnoll hits you with a +0 spear.
* * * LOW HITPOINT WARNING * * *
The gnoll hits you with a +0 whip.
* * * LOW HITPOINT WARNING * * *
The gnoll hits you with a +0 club.
* * * LOW HITPOINT WARNING * * *
You closely miss the gnoll. The gnoll barely misses you. x2
The gnoll hits you with a +0 club.
* * * LOW HITPOINT WARNING * * *
You claw the gnoll! The gnoll closely misses you.
The gnoll hits you with a +0 whip.
* * * LOW HITPOINT WARNING * * *
The gnoll hits you with a +0 club.
* * * LOW HITPOINT WARNING * * *
You closely miss the gnoll. The gnoll barely misses you.
The gnoll hits you with a +0 club.
* * * LOW HITPOINT WARNING * * *
The gnoll hits you with a +0 whip.
* * * LOW HITPOINT WARNING * * *
You scratch the gnoll but do no damage. The gnoll hits you but does no damage.
The gnoll hits you with a +0 club.
You die...

..........#
#####.....# .
######.†..# .##
........#.#######
....#.###..........#
#.###.....#.#.###.#
..##..#..##...###..
...>..gg..[.##.#.###
.##..g@.######.#
#..?..# #.# ###.###
#.# ... #.# ### ####
#.# .. #.# . #.#
#### #.#####...
#.......##


You could see 3 gnolls.

Vanquished Creatures
  An ogre (D:4)
  2 necrophages
  A gnoll (D:5)
  3 adders
  A white imp (D:3)
  2 worms
  3 dart slugs (D:1)
  4 orcs
  4 ball pythons
  4 bats
  3 endoplasms
  A giant cockroach (D:1)
  5 goblins
  A hobgoblin (D:2)
  3 jackals (D:3)
  A quokka (D:4)
  5 kobolds
  2 rats (D:1)
46 creatures vanquished.

Notes
Turn   | Place    | Note
-------+----------+-------------------------------------------
     0 | D:1      | Pooter the Troll Hunter began the quest for the Orb.
     0 | D:1      | Reached XP level 1. HP: 19/19 MP: 0/0
   134 | D:1      | Found Irghiem's Weapon Boutique.
   192 | D:1      | Found a faded altar of an unknown god.
   302 | D:1      | Reached XP level 2. HP: 28/28 MP: 1/1
   307 | D:1      | Reached skill level 1 in Unarmed Combat
   856 | D:2      | Reached XP level 3. HP: 32/35 MP: 2/2
  1455 | D:2      | Found a shimmering altar of Xom.
  2266 | D:4      | Reached XP level 4. HP: 42/42 MP: 3/3
  2266 | D:4      | Noticed an ogre
  2368 | D:4      | Noticed a necrophage
  2377 | D:4      | Killed a necrophage
  2378 | D:4      | Reached XP level 5. HP: 49/50 MP: 4/4
  2577 | D:4      | Killed an ogre
  2815 | D:5      | Entered Level 5 of the Dungeon
  2931 | D:5      | Reached XP level 6. HP: 59/59 MP: 5/5
  2963 | D:5      | Slain by a gnoll

Illustrated notes

Levels and vault maps discovered:
D:1:      lightli_arrival_isolated_outpost, layout_loops_ring,
          shapermc_ecumenical_altar_pompeii, serial_shops,
          nicolae_lakefront_shop, minmay_misc_feat_enclosed, minmay_distorted
D:2:      minmay_evil_eye, layout_loops_ring, basic_altar
D:3:      layout_basic, serial_aquarium, aquarium_bridge_long_separate
          [aquarium_subvault_wall, aquarium_subvault_bridge,
          aquarium_subvault_window, aquarium_subvault_bridge,
          aquarium_subvault_wall, aquarium_subvault_wall], aquarium_window_fake,
          aquarium_window_corridor_2, aquarium_window_2, aquarium_window_1,
          aquarium_view_4
D:4:      layout_rooms, grunt_decor_junction
D:5:      layout_loops_ring, minmay_temple_entry_hall, serial_shops,
          nicolae_diamond_shop, lightli_minifort, uniq_prince_ribbit1,
          uniq_menkaure

Skill      XL: |  1  2  3  4  5 |
---------------+----------------+-----
Unarmed Combat | 1 2 3 |  3.6
Ranged Weapons | 3 |  3.8
Fighting       | 2 |  2.7
Dodging        | |  1.5
Stealth        | |  0.3

Action                     |  1- 3 |  4- 6 || total
---------------------------+-------+-------++-------
  Melee: Unarmed           |    15 |    31 ||    46
         Punch             |       |     1 ||     1
   Fire: Shortbow          |    66 |    38 ||   104
    Use: Scroll            |     4 |     1 ||     5
 Armour: Robe              |    10 |     6 ||    16
  Dodge: Dodged            |    16 |    25 ||    41

Table legend: (Time is in decaauts)
 A = Elapsed time spent in this place.
 B = Non-inter-level travel time spent in this place.
 C = Inter-level travel time spent in this place.
 D = Time resting spent in this place.
 E = Time spent auto-exploring this place.
 F = Levels seen in this place.
 G = Mean time per level.
                   A        B        C        D        E       F      G
               +--------+--------+--------+--------+--------+-----+--------+
         Total |   2982 |   2886 |     96 |     33 |   2250 |   5 |  596.4 |
       Dungeon |   2982 |   2886 |     96 |     33 |   2250 |   5 |  596.4 |
               +--------+--------+--------+--------+--------+-----+--------+

Top non-repeatable levels by time:
     D:3: 825 daAuts
     D:1: 758 daAuts
     D:2: 732 daAuts
     D:4: 518 daAuts
     D:5: 148 daAuts
